 Dungeon Crawl Stone Soup version 0.15.0-12-gccce430 (webtiles) character file.

130 Charly the Twirler (level 4, 0/33 HPs)
             Began as a Demonspawn Gladiator on Aug 31, 2014.
             Slain by a crimson imp (3 damage)
             ... summoned by Eustachio
             ... on Level 4 of the Dungeon.
             The game lasted 00:08:16 (837 turns).

Charly the Twirler (Demonspawn Gladiator)            Turns: 837, Time: 00:08:17

HP   0/33        AC  3     Str 16      XL: 4   Next: 89%
MP   4/4         EV 11     Int  9      God:
Gold 54          SH  0     Dex 12 (14) Spells:  0 memorised,  3 levels left

rFire  . . .     SeeInvis .     a - +0 quarterstaff
rCold  . . .     Clarity  .     b - +0 leather armour
rNeg   . . .     rCorr    .     (no shield)
rPois  .         rRot     .     (helmet restricted)
rElec  .         Spirit   .     (no cloak)
SustAb .         Warding  .     (no gloves)
rMut   .         Stasis   .     (no boots)
Gourm  .                        (no amulet)
MR     .....                    (no ring)
                                (no ring)

@: very slightly contaminated, invisible, not resistant to hostile enchantments,
very unstealthy
A: horns 1, powered by death 1
a: no special abilities


You were on level 4 of the Dungeon.
You were not hungry.

You visited 1 branch of the dungeon, and saw 4 of its levels.

You collected 54 gold pieces.

Inventory:

Hand weapons
 a - a +0 quarterstaff (weapon)
Missiles
 p - 6 tomahawks (quivered)
Armour
 b - a +0 leather armour (worn)
 c - a +0 helmet
Comestibles
 f - 2 bread rations
 g - a beef jerky
 j - 2 fruits
 r - a slice of pizza
Scrolls
 h - a scroll of random uselessness {unknown}
 i - a scroll of fear {unknown}
 k - a scroll of magic mapping {unknown}
 o - a scroll of noise {unknown}
 s - a scroll of enchant weapon {unknown}
Potions
 e - a potion of lignification
 n - a potion of agility
 q - a potion of brilliance {unknown}
 t - a potion of haste {unknown}


   Skills:
 - Level 2.0 Fighting
 + Level 5.1 Staves
 - Level 1.7 Throwing
 - Level 2.6 Dodging


You had 3 spell levels left.
You didn't know any spells.

Dungeon Overview and Level Annotations

Branches:
Dungeon (4/15)
 Temple: D:4-7

Altars:

Annotations:
D:4 Eustachio


Innate Abilities, Weirdness & Mutations

You have a pair of small horns on your head.
You can steal the life force of nearby defeated enemies.


Message History

Eustachio is severely wounded.
Eustachio hits you with a glowing cutlass.
* * * LOW HITPOINT WARNING * * *
The quasit closely misses you.
The quasit claws you but does no damage.
The quasit misses you. The shadow imp hits you.
* * * LOW HITPOINT WARNING * * *
The crimson imp hits you.
* * * LOW HITPOINT WARNING * * *
Drink which item? (? for menu, Esc to quit)
You feel better.
You hear the quick rusting of a distant drain.
Eustachio closely misses you. The quasit bites you. The quasit misses you.
The quasit barely misses you. The shadow imp hits you.
* * * LOW HITPOINT WARNING * * *
The crimson imp misses you.
Eustachio hits you with a glowing cutlass.
* * * LOW HITPOINT WARNING * * *
The crimson imp hits you.
You die...

...#...'..#..r.##'##..#
...#...#.##....#...#..#
...#...#.###+#.#.8.#..#
...+...#..#....#...#..#
...#...+..'...5##'##..#
'###...# #b.......#
.....### #+###.b....#
.....# +..55..#..>#
.....# #..@5@.##+##
.....# #......# .....#
#...%..#
.....#.....#...!..+
.....#....##.##...#
#....#....##+##...#
#....#............#
#....#.............
#....#.........#.#


You could see Eustachio, a quasit, a crimson imp, a shadow imp and a bat.

Vanquished Creatures
  An iguana (D:4)
  A centaur skeleton (D:4)
  2 worker ants (D:4)
  A giant mite (D:1)
  An orc (D:4)
  2 ball pythons
  A giant cockroach (D:4)
  4 hobgoblins
  2 jackals (D:4)
  A bat (D:3)
  A giant gecko (D:1)
  A giant newt (D:2)
  2 kobolds (D:1)
  A rat (D:1)
21 creatures vanquished.

Vanquished Creatures (others)
  A crimson imp (D:4)
1 creature vanquished.

Grand Total: 22 creatures vanquished

Notes
Turn   | Place    | Note
--------------------------------------------------------------
     0 | D:1      | Charly, the Demonspawn Gladiator, began the quest for the Orb.
     0 | D:1      | Reached XP level 1. HP: 16/16 MP: 1/1
   200 | D:1      | Reached skill level 3 in Staves
   220 | D:1      | Gained mutation: You can steal the life force of nearby defeated enemies. [demonic ancestry]
   220 | D:1      | Reached XP level 2. HP: 2/22 MP: 2/2
   394 | D:4      | Reached skill level 4 in Staves
   394 | D:4      | Reached XP level 3. HP: 17/27 MP: 3/3
   649 | D:4      | Gained mutation: You have a pair of small horns on your head. [demonic ancestry]
   649 | D:4      | Reached XP level 4. HP: 17/33 MP: 4/4
   745 | D:4      | Reached skill level 5 in Staves
   814 | D:4      | Noticed Eustachio
   837 | D:4      | Slain by a crimson imp

Action                   |  1- 3 |  4- 6 || total
-------------------------+-------+-------++-------
Melee: Quarterstaff      |    71 |    35 ||   106
Throw: Throwing net      |     3 |     1 ||     4
       Tomahawk          |       |     2 ||     2
  Use: Scroll            |     3 |     1 ||     4
       Potion            |       |     3 ||     3
 Stab: Held in net/web   |     1 |       ||     1
       Invisible         |       |     2 ||     2
